 Dungeon Crawl Stone Soup version 0.22-a0-422-g9628fc8 (webtiles) character file.

46 4thArraOfDagon the Firebug (level 3, 0/21 HPs)
             Began as an Octopode Fire Elementalist on May 16, 2018.
             Succumbed to an adder's poison
             ... on level 2 of the Dungeon.
             The game lasted 00:05:23 (860 turns).

4thArraOfDagon the Firebug (OpFE)                    Turns: 860, Time: 00:05:24

Health: 0/21       AC:  1    Str:  7    XL:     3   Next: 66%
Magic:  8/15       EV: 13    Int: 23    God:
Gold:   42         SH:  0    Dex: 12    Spells: 2/6 levels left

rFire    . . .     SeeInvis .   d - +0 mace
rCold    . . .     Gourm    .   (no shield)
rNeg     . . .     Faith    .   (helmet restricted)
rPois    .         Spirit   .   (no amulet)
rElec    .         Reflect  .   h - ring of magical power
rCorr    .         Harm     .   (no ring)
MR       .....                  (no ring)
Stlth    +++.......             (no ring)
HPRegen  0.07/turn              (no ring)
MPRegen  0.14/turn              (no ring)
                                (no ring)
                                (no ring)

@: brilliant, lethally poisoned (0 -> -3), berserk cooldown, flying, slowed,
very slow
A: almost no armour, stealthy swim, amphibious, 8 rings, constrict 8, camouflage
1, gelatinous body 1
a: no special abilities


You were on level 2 of the Dungeon.
You were not hungry.

You visited 1 branch of the dungeon, and saw 2 of its levels.

You collected 42 gold pieces.

Inventory:

Hand Weapons
 d - a +0 mace (weapon)
Jewellery
 h - a ring of magical power (left tentacle)
Scrolls
 a - a scroll of remove curse {unknown}
 e - a scroll of noise {unknown}
 f - 2 scrolls of identify {unknown}
 g - a scroll of immolation {unknown}
 i - 3 scrolls of teleportation {unknown}
 j - a scroll of amnesia {unknown}
 k - a scroll of fog {unknown}
Comestibles
 b - 3 rations
 n - a chunk of flesh


   Skills:
 - Level 2.0 Dodging
 - Level 2.6 Stealth
 + Level 2.3 Spellcasting
 * Level 2.2 Conjurations
 * Level 3.7 Fire Magic


You had 2 spell levels left.
You knew the following spells:

 Your Spells              Type           Power        Failure   Level  Hunger
a - Flame Tongue          Conj/Fire      ####.        1%          1    None
b - Conjure Flame         Conj/Fire      ####....     1%          3    ###....

Your spell library contained the following spells:

 Spells                   Type           Power        Failure   Level  Hunger
 Fireball                 Conj/Fire      ####......   12%         5    ######.
 Throw Flame              Conj/Fire      ####..       1%          2    ##.....
 Sticky Flame             Conj/Fire      ####....     4%          4    ####...
 Inner Flame              Hex/Fire       ####....     2%          3    ###....


Dungeon Overview and Level Annotations

Branches:
Dungeon (2/15)

Altars:


Innate Abilities, Weirdness & Mutations

You cannot wear most types of armour.
You are very stealthy in the water. (Stealth+)
You are amphibious.
You can wear up to eight rings at the same time.
You can use your tentacles to constrict eight enemies at once.
Your skin changes colour to match your surroundings (Stealth+).
Your rubbery body absorbs attacks. (AC +1, EV +1)


Message History

You feel clever all of a sudden.
It was a potion of berserk rage.
A red film seems to cover your vision as you go berserk!
You feel yourself moving faster!
You feel mighty!
You feel sick.
You feel a strong urge to attack something.
You feel your anger nearly subside.
You are no longer berserk.
You are exhausted.
You feel yourself slow down.
* * * LOW HITPOINT WARNING * * *
You feel sick.
Unknown command.
* * * LOW HITPOINT WARNING * * *
You feel sick.
* * * LOW HITPOINT WARNING * * *
You feel sick.
Your magical contamination has completely faded away.
* * * LOW HITPOINT WARNING * * *
You feel sick.
You die...

#.##.# ### #.##.#
... #.##.. #.# ..
#.#### #.# #.# #.# #
#.# #..##. .. #.
##.# ###......
#.####..# #(.......
#..<..#.####........
###@.###(....#......
#.#†#.(..).#.)....
#.##)#####......>.
#.#### #........ #.#
#.#...... # #.#
#.##..##. #. #.# #..
..%. #.### #.# ###
#### ###
###....###.#


There were no monsters in sight!

Vanquished Creatures
  An adder (D:2)
  A dart slug (D:2)
  2 leopard geckos (D:1)
  2 giant cockroaches (D:1)
  3 goblins
  5 hobgoblins
  2 jackals (D:1)
  4 bats
  2 frilled lizards
  8 kobolds
  2 rats (D:1)
32 creatures vanquished.

Notes
Turn   | Place    | Note
-------+----------+-------------------------------------------
     0 | D:1      | 4thArraOfDagon the Octopode Fire Elementalist began the quest for the Orb.
     0 | D:1      | Reached XP level 1. HP: 11/11 MP: 3/3
     2 | D:1      | Noticed a halfling
     2 | D:1      | Noticed a felid
     4 | D:1      | Noticed a human
     4 | D:1      | Noticed a formicid
     6 | D:1      | Noticed a demonspawn
     6 | D:1      | Noticed an elf
     8 | D:1      | Noticed a merfolk
     8 | D:1      | Noticed a ghoul
    10 | D:1      | Noticed a naga
    10 | D:1      | Noticed a centaur
    12 | D:1      | Noticed a demigod
    14 | D:1      | Noticed an octopode
    14 | D:1      | Noticed a vampire
    16 | D:1      | Noticed an ogre
    18 | D:1      | Noticed a gargoyle
    20 | D:1      | Noticed a spriggan
    20 | D:1      | Noticed a troll
    22 | D:1      | Noticed a vine stalker
    22 | D:1      | Noticed a tengu
    25 | D:1      | Noticed a dwarf
    27 | D:1      | Noticed a draconian
    27 | D:1      | Noticed a minotaur
   152 | D:1      | Reached XP level 2. HP: 17/17 MP: 0/5
   269 | D:1      | 4thArraOfDagon: just a casual
   540 | D:1      | Reached XP level 3. HP: 19/21 MP: 6/6
   545 | D:1      | Learned a level 3 spell: Conjure Flame
   858 | D:2      | HP: 1/21 [poisoned by an adder]
   860 | D:2      | Succumbed to an adder's poison

Vault maps used:
D:1:      kb_arrival_jail, serial_park_tiny_1, minmay_tree_intersection,
          minmay_statues_item, grunt_decor_resistance
D:2:      nicolae_overflow_crystal_walls, st_stairs_5

Skill      XL: |  1  2  3 |
---------------+----------+-----
Conjurations   | 2 |  2.2
Dodging        | |  2.0
Stealth        | |  2.6
Spellcasting   | |  2.3
Fire Magic     | |  3.7

Action                   || total
-------------------------++-------
Melee: Mace              ||    36
       Tentacles         ||     6
       Constrict         ||     6
 Cast: Flame Tongue      ||    46
  Use: Potion            ||     3
 Stab: Sleeping          ||     2
  Eat: Chunk             ||     1
Armor: Skin              ||    15
Dodge: Dodged            ||    49

Table legend:
 A = Spawn XP
 B = Non-spawn XP
 C = Spawn XP percentage of total XP
 D = Spawn monster count
 E = Non-spawn monster count
 F = Spawn count percentage of total count
 G = Total turns spent on level
                    A         B        C        D         E        F      G
               +---------+---------+-------+---------+---------+-------+---------
         Total |       0 |      66 |   0.0 |       0 |      32 |   0.0 |   860
               +---------+---------+-------+---------+---------+-------+---------
           D:1 |       0 |      35 |   0.0 |       0 |      20 |   0.0 |   630
           D:2 |       0 |      31 |   0.0 |       0 |      12 |   0.0 |   230
               +---------+---------+-------+---------+---------+-------+---------
